 Dungeon Crawl Stone Soup version 0.27-a0-1137-g3ef0f4ec91 (webtiles) character file.

Game seed: 10609432140672805530

43 kae the Slasher (level 3, 0/29 HPs)
             Began as a Demonspawn Abyssal Knight on May 6, 2021.
             Was a Follower of Lugonu.
             Slain by an orc
             ... wielding a +0 mace
              (6 damage)
             ... on level 3 of the Dungeon.
             The game lasted 00:00:38 (2057 turns).

kae the Slasher (Demonspawn Abyssal Knight)         Turns: 2057, Time: 00:00:39

Health: 0/29       AC:  3    Str: 13    XL:     3   Next: 37%
Magic:  5/5        EV: 11    Int: 13    God:    Lugonu [*.....]
Gold:   166        SH:  0    Dex: 12    Spells: 2/2 levels left

rFire    . . .     SeeInvis .   a - +1 falchion
rCold    . . .     Faith    .   (no shield)
rNeg     . . .     Spirit   .   b - +0 leather armour
rPois    .         Reflect  .   (no helmet)
rElec    .         Harm     .   (no cloak)
rCorr    .         Rampage  .   (no gloves)
Will     .....                  (no boots)
Stlth    +.........             (no amulet)
HPRegen  0.09/turn              d - +4 ring of slaying
MPRegen  0.18/turn              (no ring)

@: no status effects
A: magic regeneration
a: Renounce Religion, Depart the Abyss


You were on level 3 of the Dungeon.
You worshipped Lugonu.
Lugonu was aware of your devotion.
You visited 1 branch of the dungeon, and saw 3 of its levels.
You visited the Abyss 1 time.

You collected 166 gold pieces.

Inventory:

Hand Weapons
 a - a +1 falchion (weapon)
Armour
 b - a +0 leather armour (worn)
Jewellery
 d - a +4 ring of slaying (left hand)
Scrolls
 c - a scroll of immolation {unknown}
 e - 2 scrolls of fog {unknown}
 f - 4 scrolls of identify {unknown}
 g - 2 scrolls of teleportation {unknown}
Potions
 h - a potion of mutation {unknown}
 i - a potion of brilliance {unknown}
 j - a potion of degeneration {unknown}
 k - a potion of resistance {unknown}


   Skills:
 - Level 3.0 Fighting
 + Level 3.3 Long Blades
 - Level 1.7 Armour
 - Level 0.8 Dodging
 * Level 2.9 Invocations


You had 2 spell levels left.
You didn't know any spells.
Your spell library was empty.

Dungeon Overview and Level Annotations

Branches:
Dungeon (3/15)

Altars:

Annotations:
D:3 2 transporters


Innate Abilities, Weirdness & Mutations

You regenerate magic rapidly.


Message History

You slash the orc!
You kill the orc!
Lugonu accepts your kill. The orc hits you with a +0 dagger.
The orc barely misses you.
You riposte.
You closely miss the orc.
There are monsters nearby!
The endoplasm quivers.
You hit the orc.
The orc is almost dead.
The orc hits you with a +0 mace. The orc hits you with a +0 dagger.
You are too injured to fight recklessly!
There are monsters nearby!
You are too injured to fight recklessly!
You are too injured to fight recklessly!
You are too injured to fight recklessly!
You are too injured to fight recklessly!
You are too injured to fight recklessly!
You are too injured to fight recklessly!
You barely miss the orc.
The orc is almost dead.
The orc barely misses you. x2; You riposte.
You hit the orc.
The orc is severely wounded.
The orc hits you but does no damage.
You barely miss the orc.
The orc is almost dead.
The orc hits you with a +0 dagger. The orc closely misses you.
You closely miss the orc.
The orc is almost dead.
The orc hits you with a +0 dagger. The orc closely misses you.
You hit the orc.
The orc is almost dead.
The orc misses you.
You riposte.
You hit the orc.
You kill the orc!
Lugonu accepts your kill. The orc hits you with a +0 mace.
* * * LOW HITPOINT WARNING * * *
You barely miss the orc.
The orc is almost dead.
The orc hits you with a +0 mace.
You die... ..# #.# ..... .. #.# .....##### '### #.# ......#. .... #.# ...8.. ... #.# #+# #...
JJ#

#.# #.# ##.###.## #.#
#.###...#oS.#... #.#
#.##..8.@r8...8. #.#
#.##...)#...#... #.#
#......###.##
#.#######.##....# ..#
#.........##..8.?.8...
#############...#......
############


You could see an adder, an orc, 2 endoplasms and a quokka.

Vanquished Creatures
  An adder (D:2)
  3 orcs (D:3)
  2 ball pythons
  4 bats
  3 endoplasms
  3 giant cockroaches
  5 goblins
  3 hobgoblins
  3 frilled lizards
  A kobold (D:2)
  A rat (D:1)
29 creatures vanquished.

Notes
Turn   | Place    | Note
-------+----------+-------------------------------------------
     0 | Abyss:1  | kae the Demonspawn Abyssal Knight began the quest for the
                  | Orb.
     0 | Abyss:1  | Reached XP level 1. HP: 18/18 MP: 2/2
    46 | Abyss:1  | Noticed a smoke demon
    47 | D:1      | Escaped the Abyss
   302 | D:1      | Reached * piety under Lugonu
   436 | D:1      | Gained mutation: You regenerate magic rapidly. [demonic
                  | ancestry]
   436 | D:1      | Reached XP level 2. HP: 24/24 MP: 3/3
  1321 | D:2      | Reached XP level 3. HP: 27/29 MP: 4/4
  1957 | D:3      | Found a transporter.
  1979 | D:3      | Found a transporter.
  2057 | D:3      | Slain by an orc

Illustrated notes

Levels and vault maps discovered:
D:1:      dpeg_arrival_oval, layout_rooms, kennysheep_decorative_pillar
D:2:      layout_basic
D:3:      gammafunk_wand_slinger, layout_basic, minmay_misc_feat_four_crosses,
          uniq_jessica

Skill      XL: |  1  2 |
---------------+-------+-----
Long Blades    | 2 3 |  3.3
Fighting       | |  3.0
Armour         | |  1.7
Dodging        | |  0.8
Invocations    | |  2.9

Action                   || total
-------------------------++-------
Melee: Falchion          ||    67
Invok: Depart the Abyss  ||     1
Armor: Leather armour    ||    23
Dodge: Dodged            ||    47
       Rpst.: Falchion   ||    15

Table legend: (Time is in decaauts)
 A = Elapsed time spent in this place.
 B = Non-inter-level travel time spent in this place.
 C = Inter-level travel time spent in this place.
 D = Time resting spent in this place.
 E = Time spent auto-exploring this place.
 F = Levels seen in this place.
 G = Mean time per level.
                   A        B        C        D        E       F      G
               +--------+--------+--------+--------+--------+-----+--------+
         Total |   2066 |   1990 |     76 |      0 |   1809 |   4 |  516.5 |
       Dungeon |   2019 |   1943 |     76 |      0 |   1763 |   3 |  673.0 |
         Abyss |     47 |     47 |      0 |      0 |     46 |   1 |   47.0 |
               +--------+--------+--------+--------+--------+-----+--------+

Top non-repeatable levels by time:
     D:2: 1120 daAuts
     D:1: 768 daAuts
     D:3: 131 daAuts
 Abyss:1: 47 daAuts
